AoeStats
← Dr_Oetker02

Arena

509326710Analyzed
4v4 RM · 5d ago on Sep 26, 2026· 56m 51s· 8 players
Game mode
Random Map
Map size
Large (8 player)
Population
200
Speed
Normal
Resources
Standard
Victory
Conquest
Starting age
Dark Age
Ending age
Imperial Age
RankedLock teamsTeams togetherTeam positionsShared explorationLock speedFull tech treeHidden civsTurbo modeCheats
Victory
Defeat
🇳🇱 Bengalis · Netherlands
1097
+15
🇩🇪 Khmer · Germany
1068
+16
🇨🇳 Byzantines · China
1064
+16
🇨🇳 Mongols · China
994
+19
🇦🇹 Franks · Austria
1171
-21
🇹🇼 Aztecs · Taiwan
1109
-18
🇨🇳 Spanish · China
994
-14
🇨🇭 Goths · Switzerland
972
-13
Juda
10:33 Feudal Age
11:01 Loom
13:35 Castle Age
11:44 Double-Bit Axe
12:09 Horse Collar
14:46 Bow Saw
15:47 Heavy Plow
16:36 Loom
21:58 Wheelbarrow
23:20 Gold Mining
25:03 Hand Cart
24:49 Stone Mining
28:04 Imperial Age
26:43 Gold Shaft Mining
26:51 Bloodlines
27:00 Masonry
27:50 Forging
27:46 Scale Barding Armor
27:47 Caravan
27:41 Town Watch
28:41 Stone Shaft Mining
27:59 Fletching
28:33 Ballistics
28:21 Husbandry
29:30 Iron Casting
28:20 Pikeman
28:24 Elite Battle Elephant
29:41 Conscription
30:06 Chain Barding Armor
30:06 Double Crossbow
31:52 Chemistry
32:06 Blast Furnace
32:44 Plate Barding Armor
32:51 Hoardings
32:35 Bodkin Arrow
32:36 Elite Ballista Elephant
34:03 Heavy Scorpion
35:38 Bracer
36:36 Padded Archer Armor
36:37 Scale Mail Armor
36:41 Tusk Swords
36:45 Town Patrol
37:48 Sappers
42:08 Arson
42:42 Leather Archer Armor
42:43 Chain Mail Armor
42:33 Onager
44:16 Fervor
44:24 Halberdier
45:16 Light Cavalry
48:53 Architecture
48:55 Hussar
50:08 Ring Archer Armor
51:08 Capped Ram
53:12 Crop Rotation
52:51 Siege Engineers
56:09 Murder Holes
56:25 Fortified Wall
viahortus
10:36 Feudal Age
14:23 Castle Age
12:23 Double-Bit Axe
14:33 Horse Collar
15:41 Bow Saw
15:45 Heavy Plow
18:04 Loom
21:19 Wheelbarrow
20:58 Town Watch
21:19 Gold Mining
21:22 Stone Mining
22:30 Hand Cart
24:01 Fletching
27:56 Imperial Age
25:58 Bodkin Arrow
26:05 Padded Archer Armor
27:27 Gold Shaft Mining
28:03 Leather Archer Armor
28:21 Bloodlines
28:11 Husbandry
28:43 Ballistics
28:27 Elite Elephant Archer
29:20 Bracer
30:53 Chemistry
30:41 Ring Archer Armor
31:43 Scale Barding Armor
31:49 Forging
31:36 Light Cavalry
33:13 Siege Engineers
33:31 Paiks
33:51 Conscription
35:04 Masonry
47:32 Architecture
49:15 Mahayana
51:20 Chain Barding Armor
56:55 Plate Barding Armor
56:56 Iron Casting
56:19 Murder Holes
56:35 Fortified Wall
56:12 Arrowslits
56:39 Careening
56:40 Clinker Construction
956068430
11:05 Feudal Age
15:24 Castle Age
13:52 Double-Bit Axe
14:26 Horse Collar
22:07 Wheelbarrow
22:15 Gold Mining
23:54 Hand Cart
23:46 Stone Mining
25:31 Bow Saw
25:36 Heavy Plow
26:23 Gold Shaft Mining
26:24 Stone Shaft Mining
29:38 Imperial Age
27:15 Loom
27:36 Squires
27:48 Forging
27:39 Scale Mail Armor
27:30 Fletching
27:37 Pikeman
28:02 Arson
28:19 Padded Archer Armor
28:25 Scale Barding Armor
29:36 Iron Casting
28:23 Elite Skirmisher
29:09 Thumb Ring
30:08 Bodkin Arrow
30:28 Chain Mail Armor
31:45 Two-Man Saw
31:05 Leather Archer Armor
31:32 Crop Rotation
32:27 Chemistry
31:47 Ballistics
31:42 Halberdier
33:16 Bracer
33:36 Chain Barding Armor
34:44 Plate Mail Armor
34:43 Conscription
37:41 Ring Archer Armor
37:46 Plate Barding Armor
37:01 Treadmill Crane
37:09 Arrowslits
37:35 Fortified Wall
37:20 Murder Holes
39:19 Caravan
39:49 Coinage
39:29 Guilds
40:07 Light Cavalry
40:47 Husbandry
43:49 Banking
44:41 Hoardings
44:20 Logistica
44:15 Greek Fire
43:36 Elite Cataphract
44:32 Hussar
Freneticness
5:29 Loom
10:52 Feudal Age
17:19 Castle Age
15:42 Horse Collar
16:15 Double-Bit Axe
18:23 Wheelbarrow
18:12 Bow Saw
18:46 Heavy Plow
19:48 Gold Mining
31:13 Imperial Age
29:01 Hand Cart
29:48 Fletching
29:58 Padded Archer Armor
30:44 Gold Shaft Mining
30:04 Stone Mining
31:04 Thumb Ring
30:20 Elite Skirmisher
31:08 Murder Holes
31:55 Fortified Wall
33:00 Leather Archer Armor
32:44 Bodkin Arrow
32:57 Husbandry
33:13 Bloodlines
33:43 Parthian Tactics
33:55 Heavy Cavalry Archer
36:45 Conscription
35:46 Elite Mangudai
36:27 Nomads
36:49 Bracer
37:17 Onager
40:31 Ballistics
41:11 Chemistry
41:43 Drill
42:39 Capped Ram
43:49 Siege Ram
44:43 Light Cavalry
44:44 Heavy Camel Rider
46:03 Hussar
46:55 Town Watch
47:38 Caravan
53:26 Stone Shaft Mining
56:32 Siege Engineers
Dr_Oetker02
11:18 Feudal Age
16:18 Castle Age
14:42 Double-Bit Axe
15:28 Stone Mining
17:33 Bow Saw
18:59 Wheelbarrow
19:33 Loom
23:36 Hand Cart
27:02 Gold Mining
31:29 Imperial Age
29:40 Padded Archer Armor
29:41 Scale Mail Armor
29:56 Forging
29:50 Scale Mail Armor
30:23 Ballistics
30:26 Scale Barding Armor
30:15 Fletching
30:41 Leather Archer Armor
30:29 Treadmill Crane
30:53 Husbandry
30:15 Light Cavalry
31:51 Gold Shaft Mining
31:36 Cavalier
32:51 Conscription
33:21 Iron Casting
33:10 Chain Barding Armor
33:53 Hoardings
34:45 Chemistry
34:34 Bodkin Arrow
34:21 Elite Throwing Axeman
36:35 Paladin
38:12 Plate Barding Armor
38:37 Blast Furnace
福
11:36 Feudal Age
9:57 Loom
10:01 Loom
15:34 Castle Age
14:10 Double-Bit Axe
16:44 Wheelbarrow
24:21 Horse Collar
25:27 Bow Saw
28:47 Imperial Age
27:23 Treadmill Crane
27:55 Gold Mining
28:46 Atlatl
29:16 Fletching
29:53 Ballistics
30:36 Chemistry
29:55 Elite Skirmisher
32:17 Bodkin Arrow
32:23 Padded Archer Armor
32:48 Garland Wars
33:50 Conscription
34:20 Elite Jaguar Warrior
35:08 Squires
34:54 Arson
35:56 Hand Cart
35:44 Heavy Plow
35:47 Bracer
36:04 Leather Archer Armor
37:21 Pikeman
38:46 Forging
38:36 Scale Mail Armor
44:38 Chain Mail Armor
44:58 Iron Casting
44:24 Onager
48:08 Siege Onager
49:29 Crop Rotation
Devastator TT
11:50 Feudal Age
16:29 Castle Age
15:10 Horse Collar
15:34 Double-Bit Axe
29:07 Heavy Plow
29:21 Bow Saw
33:46 Imperial Age
31:28 Gold Mining
31:31 Stone Mining
32:02 Forging
31:53 Scale Mail Armor
32:49 Stone Shaft Mining
33:31 Wheelbarrow
34:18 Elite Huskarl
35:00 Perfusion
35:21 Conscription
35:17 Anarchy
35:46 Pikeman
36:27 Squires
36:20 Halberdier
38:22 Iron Casting
38:03 Chain Mail Armor
41:35 Caravan
43:51 Crop Rotation
44:38 Two-Man Saw
48:43 Light Cavalry
49:34 Bloodlines
S个帅哥
12:35 Feudal Age
18:36 Castle Age
16:37 Double-Bit Axe
17:23 Horse Collar
18:18 Stone Mining
18:22 Gold Mining
20:00 Bow Saw
20:16 Heavy Plow
27:16 Wheelbarrow
32:38 Imperial Age
29:55 Loom
30:26 Hand Cart
30:04 Town Watch
31:59 Fortified Wall
32:10 Ballistics
34:52 Chemistry
33:48 Murder Holes
33:50 Fletching
34:01 Padded Archer Armor
34:24 Conscription
36:13 Stone Shaft Mining
35:53 Town Patrol
36:46 Bombard Tower
36:38 Bodkin Arrow
36:58 Leather Archer Armor
36:54 Forging
36:50 Scale Barding Armor
37:03 Caravan
37:51 Masonry
38:19 Bracer
38:49 Ring Archer Armor
38:24 Elite Conquistador
39:39 Bloodlines
39:29 Husbandry
38:50 Light Cavalry
41:53 Chain Barding Armor
42:09 Iron Casting
44:52 Plate Barding Armor
45:18 Blast Furnace
Connection lost

Rejoining the realm…

Still unreachable

The connection could not be restored.

Session expired

The server has moved on; the page needs a fresh start.